 Dungeon Sprint DCSS version 0.26.1-2-gb8aa6d0cf2 (webtiles) character file.

Game seed: 16187114052253104914

2727 Groucho the Unseen (level 9, -10/39 HPs)
             Began as a Spriggan Enchanter on Feb 23, 2021.
             Shot with a bolt by a yaktaur (23 damage)
             ... in the Dungeon (Sprint II: "The Violet Keep of Menkaure").
             The game lasted 00:04:35 (1092 turns).

Groucho the Unseen (Spriggan Enchanter)             Turns: 1092, Time: 00:04:36

Health: -10/39     AC:  2    Str:  7    XL:     9   Next: 40%
Magic:  6/25       EV: 29    Int: 16    God:
Gold:   972        SH:  0    Dex: 17    Spells: 24/30 levels left

rFire    . . .     SeeInvis +   a - +1 dagger
rCold    . . .     Faith    .   (shield restricted)
rNeg     . . .     Spirit   .   b - +0 robe
rPois    .         Reflect  .   (helmet restricted)
rElec    .         Harm     .   (no cloak)
rCorr    .         Rampage  .   (gloves unavailable)
Will     +....     NoTele   +   (boots unavailable)
Stlth    +++++++...             (no amulet)
HPRegen  0.13/turn              (no ring)
MPRegen  0.19/turn              (no ring)

@: very quick
A: very small, unfitting armour, see invisible, speed 3
a: no special abilities


You were in the Dungeon.
You visited 1 branch You collected 972 gold pieces.

Inventory:

Hand Weapons
 a - a +1 dagger (weapon)
Armour
 b - a +0 robe (worn)
Potions
 g - 2 potions of magic


   Skills:
 + Level 10.0 Short Blades
 + Level 12.9 Dodging
 + Level 18.0 Stealth
 + Level 11.1 Spellcasting
 + Level 11.3 Hexes


You had 24 spell levels left.
You knew the following spells:

 Your Spells              Type           Power        Failure   Level
a - Corona                Hex            50%          1%          1
b - Ensorcelled Hibernat  Hex/Ice        54%          1%          2
c - Confusing Touch       Hex            45%          1%          3

Your spell library contained the following spells:

 Spells                   Type           Power        Failure   Level
 Tukima's Dance           Hex            45%          1%          3
 Dazzling Flash           Conj/Hex       54%          2%          3


Dungeon Overview and Level Annotations

Branches:
Dungeon (1/1)

Altars:
Cheibriados
Dithmenos
Elyvilon
Fedhas
Gozag
Kikubaaqudgha
Makhleb
Nemelex Xobeh
Okawaru
Sif Muna
Trog
Uskayaw
Vehumet
Zin
Beogh
Jiyva
Lugonu

Shops:
D ?}:!![!(:[}!=*=

Annotations:
D exclusion: oklob plant


Innate Abilities, Weirdness & Mutations

You are very small and have problems with some larger weapons.
You are too small for most types of armour.
You have supernaturally acute eyesight. (SInv)
You cover ground extremely quickly.


Message History

The polar bear claws you but does no damage.
You hit the polar bear but do no damage.
The polar bear appears confused.
The polar bear is moderately wounded.
Unknown command.
Casting: Confusing Touch (safe; 1% risk of failure)
Confirm with . or Enter, or press ? or * to list all spells.
Aiming: Ensorcelled Hibernation (safe; 1% risk of failure)
Press: ? - help, Shift-Dir - straight line, f/p - yaktaur
Aim: a yaktaur, quivering 28 bolts (chance to affect: 38%)
The yaktaur easily resists.
The yaktaur wields a +0 arbalest.
The yaktaur shoots a bolt.
The bolt closely misses you.
Casting: Ensorcelled Hibernation (safe; 1% risk of failure)
Confirm with . or Enter, or press ? or * to list all spells.
Aiming: Ensorcelled Hibernation (safe; 1% risk of failure)
Press: ? - help, Shift-Dir - straight line, f/p - yaktaur
Aim: a yaktaur, wielding a +0 arbalest and quivering 27 bolts (chance to affect: 38%)
The yaktaur easily resists.
The yaktaur shoots a bolt.
The bolt hits you!!
Ouch! That really hurt!
You die...

.....# +##.. #. #.#
.#### +.## ##.# ...# ...
### .#####..## #..##$#
'###.##..# +..#.h#
.##...#..# #^.#.c#
<.'###'..####..##†#
.##.†.#....###..@##▓
'###.##......≈≈≈≈≈≈≈≈≈≈≈
..####≈≈.....§#+########
#.)#≈≈≈≈≈§§..§#....._._#
..##≈§§§≈≈≈§.≈#...._._.#
+##≈≈≈§§≈≈≈≈≈≈#..._._._#
≈≈≈≈≈§≈§≈§§§§#.._._._.#
+++#≈§§§≈§§§§#._._._._#
##≈≈≈###§§#_._._


You could see a polar bear (confused) and a yaktaur.

Vanquished Creatures
  2 boulder beetles (D)
  A merfolk siren (D)
  2 polar bears (D)
  A hornet (D)
  Menkaure (D)
  4 necrophages (D)
  3 worms (D)
14 creatures vanquished.

Vanquished Creatures (others)
  A water moccasin (D)
1 creature vanquished.

Grand Total: 15 creatures vanquished

Notes
Turn   | Place    | Note
-------+----------+-------------------------------------------
     0 | D        | Groucho the Spriggan Enchanter began the quest for the Orb.
     0 | D        | Reached XP level 1. HP: 9/9 MP: 5/5
     1 | D        | Noticed a necrophage
     1 | D        | Noticed a necrophage
     1 | D        | Noticed a necrophage
     1 | D        | Noticed a necrophage
     7 | D        | Killed a necrophage
     8 | D        | Reached skill level 13 in Stealth
     8 | D        | Reached XP level 2. HP: 13/13 MP: 6/6
     8 | D        | Reached XP level 3. HP: 16/16 MP: 8/8
     8 | D        | Reached XP level 4. HP: 21/21 MP: 9/9
    18 | D        | Killed a necrophage
    19 | D        | Reached skill level 5 in Dodging
    19 | D        | Reached skill level 5 in Hexes
    19 | D        | Reached XP level 5. HP: 24/24 MP: 9/12
    23 | D        | Killed a necrophage
    24 | D        | Reached skill level 14 in Stealth
    24 | D        | Reached skill level 5 in Spellcasting
    70 | D        | Killed a necrophage
    71 | D        | Reached skill level 5 in Short Blades
    71 | D        | Reached XP level 6. HP: 6/28 MP: 14/16
   152 | D        | Killed a water moccasin
   444 | D        | Found Pujarhi's Assorted Antiques.
   444 | D        | Found Qaxoepho's Distillery.
   444 | D        | Found Vuzon's Antique Armour Boutique.
   444 | D        | Found Ceti's Book Shop.
   445 | D        | Found Hepaohoo's Jewellery Shop.
   445 | D        | Found Kabaotus's Gadget Shop.
   445 | D        | Found Diajaod's Antique Weapon Shop.
   446 | D        | Found Qegeis's Jewellery Boutique.
   446 | D        | Found Megippo's Distillery.
   446 | D        | Found Togelis's Antique Armour Boutique.
   446 | D        | Noticed Menkaure
   446 | D        | Noticed a fire dragon
   447 | D        | Noticed a soldier ant
   454 | D        | Learned a level 2 spell: Ensorcelled Hibernation
   458 | D        | Learned a level 3 spell: Confusing Touch
   461 | D        | Killed Menkaure
   462 | D        | Reached skill level 15 in Stealth
   465 | D        | Found Quogiank's Distillery.
   465 | D        | Found Elinuth's Distillery.
   465 | D        | Noticed an oklob plant
   465 | D        | Noticed a soldier ant
   465 | D        | Noticed a soldier ant
   466 | D        | Found Oseossex's Gadget Shop.
   466 | D        | Found Nest's Magic Scroll Boutique.
   466 | D        | Found Tyiqinef's Book Shoppe.
   472 | D        | Noticed a cane toad
   473 | D        | Noticed a cane toad
   501 | D        | Noticed a merfolk siren
   513 | D        | Killed a merfolk siren
   514 | D        | Reached XP level 7. HP: 20/32 MP: 12/19
   670 | D        | Noticed a boulder beetle
   670 | D        | Noticed a boulder beetle
   673 | D        | Killed a boulder beetle
   674 | D        | Reached skill level 16 in Stealth
   674 | D        | Reached XP level 8. HP: 36/36 MP: 18/22
   676 | D        | Killed a boulder beetle
   677 | D        | Reached skill level 17 in Stealth
   677 | D        | Reached skill level 10 in Spellcasting
   677 | D        | Reached skill level 10 in Hexes
   677 | D        | Reached XP level 9. HP: 39/39 MP: 18/24
   881 | D        | Found a snail-covered altar of Cheibriados.
   882 | D        | Found a shadowy altar of Dithmenos.
   883 | D        | Found a white marble altar of Elyvilon.
   883 | D        | Found an ancient bone altar of Kikubaaqudgha.
   883 | D        | Found a roughly hewn altar of Beogh.
   883 | D        | Found a viscous altar of Jiyva.
   884 | D        | Found a blossoming altar of Fedhas.
   884 | D        | Found a corrupted altar of Lugonu.
   884 | D        | Found a shimmering blue altar of Sif Muna.
   921 | D        | Found an opulent altar of Gozag.
   921 | D        | Found an iron altar of Okawaru.
   921 | D        | Found a sparkling altar of Nemelex Xobeh.
   921 | D        | Found a burning altar of Makhleb.
   921 | D        | Found a radiant altar of Vehumet.
   921 | D        | Found a hide-covered altar of Uskayaw.
   921 | D        | Found a bloodstained altar of Trog.
   921 | D        | Found a glowing silver altar of Zin.
  1074 | D        | Noticed a yaktaur
  1074 | D        | Noticed a polar bear
  1075 | D        | Noticed a polar bear
  1075 | D        | Noticed a polar bear
  1076 | D        | Killed a polar bear
  1087 | D        | Killed a polar bear
  1088 | D        | Reached skill level 10 in Short Blades
  1088 | D        | Reached skill level 18 in Stealth
  1092 | D        | Shot with a bolt by a yaktaur

Illustrated notes

Levels and vault maps discovered:
D:        the_violet_keep_of_menkaure [sprint2_stairs_cluster_1,
          sprint2_shoproom, sprint2_temple, sprint2_basic_supplies,
          sprint2_obstacle_6, sprint2_obstacle_1, sprint2_obstacle_5,
          sprint2_obstacle_7, sprint2_obstacle_3, sprint2_timed_cluster_1,
          sprint2_smallroom_cluster_1, sprint2_smallroom_final_cluster_1,
          sprint2_transparent_cluster_1, sprint2_second_timed_cluster_1,
          sprint2_sniper_area_1, sprint2_heavy_combat_area_1,
          sprint2_mutation_trap_area_1, sprint2_forest_area_1,
          sprint2_light_combat_area_1, sprint2_behind_water_1,
          sprint2_near_end_vault_1]

Skill      XL: |  1  2  3  4  5  6  7  8  9 |
---------------+----------------------------+-----
Stealth        | 13 14 15 16 17 18 | 18.0
Short Blades   | 3 5 7 8 9 10 | 10.0
Dodging        | 5 7 9 11 12 | 12.9
Spellcasting   | 4 6 8 9 10 11 | 11.1
Hexes          | 5 6 8 9 10 11 | 11.3

Action                   |  1- 3 |  4- 6 |  7- 9 || total
-------------------------+-------+-------+-------++-------
Melee: Dagger            |     5 |    71 |    12 ||    88
 Cast: Confusing Touch   |       |     2 |     2 ||     4
       Ensorcelled Hiber |       |     1 |     9 ||    10
       Corona            |       |     1 |       ||     1
  Use: Potion            |     1 |     2 |     1 ||     4
       Scroll            |       |       |     1 ||     1
 Stab: Confused          |       |     3 |     1 ||     4
       Sleeping          |       |       |     7 ||     7
Armor: Robe              |       |     1 |     1 ||     2
Dodge: Dodged            |     2 |    32 |    13 ||    47
